 Dungeon Crawl Stone Soup version 0.27.1-37-g7b29ead8ac (webtiles) character file.

Game seed: 9921134549505755940

102 AarnesTheHuman the Shield-Bearer (level 5, -8/42 HPs)
             Began as a Formicid Fighter on June 6, 2023.
             Mangled by Terence (14 damage)
             ... on level 3 of the Dungeon.
             The game lasted 00:02:44 (2475 turns).

AarnesTheHuman the Shield-Bearer (Formicid Fighter) Turns: 2475, Time: 00:02:44

Health: -8/42      AC: 10    Str: 22    XL:     5   Next: 6%
Magic:  5/5        EV:  6    Int:  7    God:
Gold:   94         SH:  9    Dex: 10    Spells: 4/4 levels left

rFire    . . .     SeeInvis +   a - +0 quarterstaff
rCold    . . .     Faith    .   c - +0 kite shield
rNeg     . . .     Spirit   .   e - +0 chain mail
rPois    .         Reflect  .   (helmet unavailable)
rElec    .         Harm     .   (no cloak)
rCorr    .         Rampage  .   (no gloves)
Will     .....                  k - +0 pair of boots
Stlth    ..........             (no amulet)
HPRegen  0.14/turn              (no ring)
MPRegen  0.09/turn              (no ring)

@: no status effects
A: permanent stasis, dig shafts and tunnels, antennae 3, four strong arms
a: Dig, Shaft Self


You were on level 3 of the Dungeon.
You visited 1 branch of the dungeon, and saw 3 of its levels.

You collected 120 gold pieces.
You spent 26 gold pieces at shops.

Inventory:

Hand Weapons
 a - a +0 quarterstaff (weapon)
Missiles
 g - 57 stones
Armour
 b - a +0 scale mail
 c - a +0 kite shield (worn)
 e - a +0 chain mail (worn)
 k - a +0 pair of boots (worn)
Jewellery
 n - an amulet of magic regeneration
Scrolls
 h - a scroll of immolation {unknown}
 i - a scroll of vulnerability {unknown}
 j - a scroll of noise {unknown}
 l - 2 scrolls of identify
Potions
 d - 3 potions of might
 f - a potion of flight
 m - 2 potions of lignification {unknown}
 o - a potion of curing {unknown}


   Skills:
 + Level 4.0 Fighting
 * Level 3.2 Staves
 + Level 4.0 Armour
 + Level 4.3 Shields


You had 4 spell levels left.
You didn't know any spells.
Your spell library contained the following spells:

 Spells                   Type           Power      Damage    Failure   Level
 Magic Dart               Conj           0%         1d3       100%        1
 Searing Ray              Conj           0%         3d3       100%        2
 Fulminant Prism          Conj/Hex       0%         3d6       100%        4


Dungeon Overview and Level Annotations

Branches:
Dungeon (3/15)

Altars:
Vehumet

Shops:
D:2 ?

Annotations:
D:3 Terence


Innate Abilities, Weirdness & Mutations

You cannot be hasted, slowed, berserked, paralysed or teleported.
You can dig through walls and to a lower floor.
You have a pair of large antennae on your head. (SInv)
Your four strong arms can wield two-handed weapons with a shield.


Message History

No target in view!
A hobgoblin comes into view.
A hobgoblin is nearby!
A hobgoblin is nearby!
The hobgoblin shouts!
You hit the hobgoblin.
The hobgoblin is moderately wounded.
The hobgoblin hits you.
You sock the hobgoblin!
You kill the hobgoblin!
No target in view!
No target in view!
No target in view!
No target in view!
No target in view!
No target in view!
No target in view!
No target in view!
No target in view!
No target in view!
g - 57 stones (gained 3)
You see here a +0 short sword.
There is a stone staircase leading up here.
You open the door.
Found a ring mail.
Terence the Incautious comes into view.
He is wielding a +2 trident of distortion.
Terence shouts!
Terence is nearby!
A kobold comes into view. It is wielding a +0 short sword.
Found 17 gold pieces.
The kobold shouts!
Terence hits you with a +2 trident of distortion.
Space warps horribly around you!
You completely miss Terence.
The kobold throws a stone.
You block the stone. Terence hits you but does no damage.
Space warps horribly around you!!
* * * LOW HITPOINT WARNING * * *
Terence hits you from afar with a +2 trident of distortion.
* * * LOW HITPOINT WARNING * * *
Space warps horribly around you!
You die...

# # # ######+#######
#### #............# ...#
#............# ...#
#............#
...########.....@.@....#
...'...................#
...##<######'###.#######
...##.# #.# #$# ...##)#
#.# #K# ...##.# #.# #.#
...##.# #[. #.#
##.##†#######. #.#
..............


You could see Terence and a kobold.

Vanquished Creatures
  A hound (D:3)
  A gnoll (D:1)
  An adder (D:3)
  A worm (D:2)
  8 bats
  4 endoplasms
  A giant cockroach (D:1)
  3 goblins
  7 hobgoblins
  4 jackals
  3 kobolds
  3 quokkas
  4 ball pythons
  A frilled lizard (D:2)
  6 rats
48 creatures vanquished.

Notes
Turn   | Place    | Note
-------+----------+-------------------------------------------
     0 | D:1      | AarnesTheHuman the Formicid Fighter began the quest for the
                  | Orb.
     0 | D:1      | Reached XP level 1. HP: 18/18 MP: 1/1
   221 | D:1      | Reached XP level 2. HP: 24/24 MP: 2/2
   235 | D:1      | Reached XP level 3. HP: 19/29 MP: 3/3
   950 | D:2      | Found a faded altar of an unknown god.
   953 | D:2      | Found Xugia's Magic Scroll Emporium.
   966 | D:2      | Bought a scroll of identify for 26 gold pieces
  1457 | D:2      | Reached XP level 4. HP: 37/37 MP: 4/4
  1945 | D:3      | Found a radiant altar of Vehumet.
  2193 | D:3      | Reached XP level 5. HP: 35/42 MP: 5/5
  2470 | D:3      | Noticed Terence
  2475 | D:3      | Mangled by Terence

Illustrated notes

Levels and vault maps discovered:
D:1:      wander_arrival_lonely_grave, layout_loops_cross, minmay_cupped
D:2:      layout_basic, hellmonk_ecumenical_altar_pennies_from_heaven,
          serial_shops, shop
D:3:      layout_basic, nicolae_vehumet_radiance, uniq_natasha, uniq_terence,
          uniq_crazy_yiuf_cottage

Skill      XL: |  1  2  3  4 |
---------------+-------------+-----
Shields        | 4 |  4.3
Fighting       | 4 |  4.0
Staves         | 3 |  3.2
Armour         | 4 |  4.0

Action                   |  1- 3 |  4- 6 || total
-------------------------+-------+-------++-------
Melee: Quarterstaff      |    95 |    58 ||   153
  Use: Scroll            |     1 |       ||     1
Armor: Scale mail        |    37 |       ||    37
       Chain mail        |    30 |    44 ||    74
Dodge: Dodged            |    31 |    26 ||    57
Block: Kite shield       |    53 |    33 ||    86
